 Dungeon Crawl Stone Soup version 0.29-a0-380-gf50f0a9fbc (webtiles) character file.

Game seed: 13020858053289670422

24 Antichthon the Skirmisher (level 3, -2/29 HPs)
             Began as a Formicid Abyssal Knight on May 5, 2022.
             Was a Believer of Lugonu.
             Slain by an orc
             ... wielding a +0 flail
              (6 damage)
             ... on level 2 of the Dungeon.
             The game lasted 00:01:12 (993 turns).

Antichthon the Skirmisher (Formicid Abyssal Knight)  Turns: 993, Time: 00:01:12

Health: -2/29      AC:  3    Str: 17    XL:     3   Next: 15%
Magic:  4/4        EV: 11    Int:  9    God:    Lugonu [**....]
Gold:   42         SH:  0    Dex: 13    Spells: 2/2 levels left

rFire   . . .      SeeInvis +   a - +1 falchion
rCold   . . .      Faith    .   (no shield)
rNeg    . . .      Spirit   .   b - +0 leather armour
rPois   .          Reflect  .   (helmet unavailable)
rElec   .          Harm     .   (no cloak)
rCorr   .          Rampage  .   (no gloves)
Will    .....                   (no boots)
Stlth   +.........              (no amulet)
HPRegen 0.09/turn               (no ring)
MPRegen 0.09/turn               (no ring)

@: no status effects
A: permanent stasis, dig shafts and tunnels, antennae 3, four strong arms
a: Dig, Shaft Self, Renounce Religion, Depart the Abyss, Bend Space


You were on level 2 of the Dungeon.
You worshipped Lugonu.
Lugonu was pleased with you.
You visited 1 branch of the dungeon, and saw 2 of its levels.
You visited the Abyss 1 time.

You collected 42 gold pieces.

Inventory:

Hand Weapons
 a - a +1 falchion (weapon)
Armour
 b - a +0 leather armour (worn)
Scrolls
 c - a scroll of poison {unknown}
 d - a scroll of teleportation {unknown}
 e - 2 scrolls of identify {unknown}
 g - 2 scrolls of magic mapping {unknown}
 i - a scroll of amnesia {unknown}
 k - a scroll of fog {unknown}
Potions
 f - a potion of brilliance {unknown}
 h - 2 potions of degeneration {unknown}
 j - a potion of invisibility {unknown}
 l - a potion of attraction {unknown}
 m - a potion of might {unknown}


   Skills:
 - Level 3.2 Fighting
 - Level 2.0 Long Blades
 * Level 2.5 Crossbows
 - Level 2.1 Armour
 - Level 0.8 Dodging
 - Level 2.1 Invocations


You had 2 spell levels left.
You didn't know any spells.
Your spell library contained the following spells:

 Spells                   Type           Power      Damage    Failure   Level
 Magic Dart               Conj           0%         1d3       43%         1
 Call Imp                 Summ           0%         N/A       58%         2
 Lesser Beckoning         Tloc           0%         N/A       82%         3
 Mephitic Cloud           Conj/Pois/Air  0%         N/A       82%         3
 Manifold Assault         Tloc           0%         N/A       100%        5
 Blink                    Tloc           Unusable   N/A       N/A         2

Dungeon Overview and Level Annotations

Branches:
Dungeon (2/15)

Altars:


Innate Abilities, Weirdness & Mutations

You cannot be hasted, slowed, berserked, paralysed or teleported.
You can dig through walls and to a lower floor.
You have a pair of large antennae on your head. (SInv)
Your four strong arms can wield two-handed weapons with a shield.


Message History

You see here a hobgoblin corpse.
Found a stone staircase leading up.
You sense a monster nearby.
An orc comes into view. It is wielding a +0 flail.
The orc shouts!
An orc priest comes into view. It is wielding a +0 whip.
The orc moves out of view.
The orc priest shouts!
The orc priest calls down the wrath of Beogh upon you.
Pain shoots through your body!
You hear a shout!
Found a rapier.
You hear a shout!
An orc comes into view. It is wielding a +0 short sword.
The orc hits you with a +0 flail.
You closely miss the orc. The orc closely misses you.
You closely miss the orc. The orc barely misses you.
You hit the orc.
The orc is heavily wounded.
The orc hits you with a +0 short sword.
You closely miss the orc.
The orc is heavily wounded.
The orc closely misses you.
You closely miss the orc. Your punch misses the orc.
The orc is heavily wounded.
The orc hits you but does no damage.
A gnoll comes into view. It is wielding a +0 flail.
The gnoll shouts!
You hit the orc.
You kill the orc!
Lugonu accepts your kill.
You hear a shout! x2
You hit the orc.
The orc is moderately wounded.
The orc hits you with a +0 flail. The orc hits you with a +0 flail!
* * * LOW HITPOINT WARNING * * *
You hit the orc.
The orc is severely wounded.
The orc hits you with a +0 flail.
You die...

.#..# .#..#
##..###############.
#..................
#.#.#######.#######
## #...# ##.## ..
###.######...## .#.##
#........#..###g...).
#.#####.###..@oo...#
#.# #. #..####.#.#
####.######...## {
......<......# {
####.######.. { #...
#.. { ##### ##


You could see an orc priest, a gnoll and an orc.

Vanquished Creatures
  An orc (D:2)
  3 endoplasms
  A goblin (D:1)
  3 hobgoblins
  4 kobolds (D:1)
  4 ball pythons (D:1)
  3 bats
  A rat (D:1)
20 creatures vanquished.

Notes
Turn   | Place    | Note
-------+----------+-------------------------------------------
     0 | Abyss:1  | Antichthon the Formicid Abyssal Knight began the quest for
                  | the Orb.
     0 | Abyss:1  | Reached XP level 1. HP: 18/18 MP: 2/2
    43 | D:1      | Escaped the Abyss
   194 | D:1      | Reached skill level 1 in Crossbows
   366 | D:1      | Reached XP level 2. HP: 17/24 MP: 3/3
   520 | D:1      | Reached ** piety under Lugonu
   908 | D:2      | Reached XP level 3. HP: 27/29 MP: 4/4
   993 | D:2      | Slain by an orc

Illustrated notes

Levels and vault maps discovered:
D:1:      amcnicky_arrival_feature_with_door, layout_rooms
D:2:      layout_loops_ring, ebering_ecumenical_altar_sacrificial,
          kennysheep_big_empty_room, kennysheep_generic_room_11

Skill      XL: |  1  2 |
---------------+-------+-----
Crossbows      | 1 2 |  2.5
Fighting       | |  3.2
Long Blades    | |  2.0
Armour         | |  2.1
Dodging        | |  0.8
Invocations    | |  2.1

Action                   || total
-------------------------++-------
Melee: Falchion          ||    56
Invok: Depart the Abyss  ||     1
Armor: Leather armour    ||    23
Dodge: Dodged            ||    58

Table legend: (Time is in decaauts)
 A = Elapsed time spent in this place.
 B = Non-inter-level travel time spent in this place.
 C = Inter-level travel time spent in this place.
 D = Time resting spent in this place.
 E = Time spent auto-exploring this place.
 F = Levels seen in this place.
 G = Mean time per level.
                   A        B        C        D        E       F      G
               +--------+--------+--------+--------+--------+-----+--------+
         Total |   1003 |    982 |     21 |      0 |    752 |   3 |  334.3 |
       Dungeon |    960 |    939 |     21 |      0 |    711 |   2 |  480.0 |
         Abyss |     43 |     43 |      0 |      0 |     41 |   1 |   43.0 |
               +--------+--------+--------+--------+--------+-----+--------+

Top non-repeatable levels by time:
     D:1: 832 daAuts
     D:2: 127 daAuts
 Abyss:1: 43 daAuts
